 Dungeon Crawl Stone Soup version 0.30-b1-2-g02819fbbbe (webtiles) character file.

Game seed: 14900245467661549094

84759 raph the Executioner (level 15, -21/128 HPs)
             Began as a Hill Orc Fighter on Jan 1, 2024.
             Was the Champion of Beogh.
             Demolished by a caustic shrike simulacrum (35 damage)
             ... in an ice cave.
             The game lasted 00:51:06 (26911 turns).

raph the Executioner (Hill Orc Fighter)            Turns: 26911, Time: 00:51:07

Health: -21/128    AC: 27    Str: 29    XL:     15   Next: 81%
Magic:  23/23      EV: 10    Int:  8    God:    Beogh [******]
Gold:   1255       SH:  0    Dex: 25    Spells: 12/14 levels left

rFire   . . .        b - +4 battleaxe (flame)
rCold   . . .        (shield currently unavailable)
rNeg    . . .        Z - +1 plate armour "Lenonwus" {Rampage rPois Str+2}
rPois   +            Q - +2 helmet
rElec   .            J - +1 cloak
rCorr   .            v - +1 pair of gloves
SInv    .            N - +2 pair of boots of Dishonesty {Dex+3}
Will    +....        F - amulet of regeneration Stlth
                     B - +6 ring of strength
HPRegen 1.21/turn    O - ring "Fasin" {rPois Dex+6}
MPRegen 0.18/turn

%: rampage
@: constricted, studying Ranged Weapons
A: walk on water
a: Renounce Religion, Smiting, Recall Orcish Followers, Give Item to Named
Follower, Resurrection


You were in an ice cave.
You worshipped Beogh.
Beogh was exalted by your worship.
You visited 3 branches of the dungeon, and saw 22 of its levels.
You visited the Abyss 1 time.
You also visited: Ossuary, Bailey, Gauntlet and Ice Cave.

You collected 2164 gold pieces.
You spent 909 gold pieces at shops.

Inventory:

Hand Weapons
 a - the +7 executioner's axe "Jellybane" {speed, rPois Str+3 Dex+4}
   (You acquired it on level 13 of the Dungeon)

   Str:       It affects your strength (+3).
   Dex:       It affects your dexterity (+4).
   rPois:     It protects you from poison.
 b - a +4 battleaxe of flaming (weapon)
 l - a +4 war axe
 y - a +4 morningstar of freezing
 U - a +0 glaive
Missiles
 e - 53 poisoned darts
 n - 6 throwing nets
 A - 19 boomerangs (quivered)
 C - 8 curare-tipped darts
 D - 6 silver boomerangs
 V - 8 silver javelins
Armour
 v - a +1 pair of gloves (worn)
 J - a +1 cloak (worn)
 N - the +2 pair of boots of Dishonesty (worn) {Dex+3}
   (You found it on level 2 of the Lair of Beasts)

   Dex:       It affects your dexterity (+3).
 Q - a +2 helmet (worn)
 W - a +1 tower shield
 Z - the +1 plate armour "Lenonwus" (worn) {Rampage rPois Str+2}
   (You found it in a Gauntlet)

   Str:       It affects your strength (+2).
   rPois:     It protects you from poison.
   Rampage:   It bestows one free step when moving towards enemies.
Jewellery
 z - a ring of see invisible
 B - a +6 ring of strength (left hand)
 F - an amulet of regeneration (around neck)
 O - the ring "Fasin" (right hand) {rPois Dex+6}
   (You bought it in a shop on level 2 of the Orcish Mines)

   [ring of dexterity]

   Dex:       It affects your dexterity (+6).
   rPois:     It protects you from poison.
Wands
 m - a wand of digging (6)
 s - a wand of polymorph (5)
 t - a wand of flame (53)
 E - a wand of mindburst (5)
 H - a wand of paralysis (10)
 X - a wand of quicksilver (14)
 Y - a wand of iceblast (9)
Scrolls
 c - a scroll of silence
 r - a scroll of amnesia
 x - 5 scrolls of fog
 K - a scroll of summoning
 M - 6 scrolls of teleportation
 P - 4 scrolls of fear
 R - 3 scrolls of poison
 T - 2 scrolls of magic mapping
Potions
 d - 5 potions of might
 f - 8 potions of flight
 g - 3 potions of haste
 h - 2 potions of brilliance
 i - 13 potions of curing
 j - 4 potions of mutation
 k - a potion of resistance
 o - a potion of magic
 u - 2 potions of berserk rage
 w - 5 potions of heal wounds
 G - 2 potions of ambrosia
 I - 3 potions of cancellation
 L - 4 potions of invisibility
Miscellaneous
 p - a box of beasts
 q - a phantom mirror


   Skills:
 - Level 10.7 Fighting
 + Level 22.3 Axes
 - Level 7.7 Throwing
 - Level 9.9 Armour
 - Level 7.0 Dodging
 - Level 13.3 Shields
 - Level 11.1 Invocations
 - Level 8.4 Evocations


You had 12 spell levels left.
You knew the following spells:

 Your Spells              Type           Power      Damage    Failure   Level
a - Passwall              Tmut/Erth      0%         N/A       99%         2

Your spell library contained the following spells:

 Spells                   Type           Power      Damage    Failure   Level
 Apportation              Tloc           0%         N/A       97%         1
 Necrotise                Necr           0%         1d4       97%         1
 Shock                    Conj/Air       0%         1d3       97%         1
 Sting                    Tmut/Pois      0%         1d3       97%         1
 Summon Small Mammal      Summ           0%         N/A       97%         1
 Ensorcelled Hibernation  Hex/Ice        0%         N/A       99%         2
 Momentum Strike          Conj/Tloc      0%         3d8       99%         2
 Poisonous Vapours        Pois/Air       0%         N/A       99%         2
 Sublimation of Blood     Necr           0%         N/A       99%         2
 Stone Arrow              Conj/Erth      0%         3d7       100%        3
 Swiftness                Air            0%         N/A       100%        3
 Vampiric Draining        Necr           0%         2d6       100%        3
 Volatile Blastmotes      Fire/Tloc      0%         2d10      100%        3
 Animate Armour           Summ/Erth      0%         N/A       100%        4
 Fulminant Prism          Conj/Hex       0%         3d5       100%        4
 Iskenderun's Mystic Bla  Conj/Tloc      0%         2d3       100%        4
 Olgreb's Toxic Radiance  Pois           0%         N/A       100%        4
 Petrify                  Tmut/Erth      0%         N/A       100%        4
 Sticky Flame             Conj/Fire      0%         2d3       100%        4
 Agony                    Necr           0%         N/A       100%        5
 Irradiate                Conj/Tmut      0%         3d11      100%        5
 Lee's Rapid Deconstruct  Erth           0%         3d4*      100%        5
 Summon Forest            Summ/Tloc      0%         N/A       100%        5
 Eringya's Noxious Bog    Tmut/Pois      0%         N/A       100%        6
 Summon Hydra             Summ           0%         N/A       100%        7
 Lehudib's Crystal Spear  Conj/Erth      0%         10d2      100%        8


Dungeon Overview and Level Annotations

Branches:
Dungeon (15/15)            Temple (0/1) D:5            Lair (5/5) D:10
  Swamp (0/4) Lair:2        Snake (0/4) Lair:3        Slime (0/5) Lair:4
    Orc (2/2) D:10            Elf (0/3) Orc:2        Vaults (0/5) D:14
Ossuary (visited)          Bailey (visited)           IceCv (1/1)
Gauntlet (visited)
 Depths: D:15

Altars:
Cheibriados
Dithmenos
Fedhas
Gozag
Kikubaaqudgha
Okawaru
Qazlal
Trog
Uskayaw
Vehumet
Xom
Yredelemnul
The Shining One
Beogh
Jiyva

Shops:
D:3 ?   Orc:2 =?:(

Annotations:
D:6 Blork the orc IceCv 1 transporter


Message History

Found a scimitar.
Found an ice covered gate leading back out of this place.
There is an ice choked empty arch of ancient stone here.
You rampage towards the white very ugly thing!
A harpy simulacrum and an anaconda simulacrum come into view.
Found 4 stones, a scimitar and 5 gold pieces.
Found 21 gold pieces and a potion of magic.
You rampage towards the white very ugly thing!
Found a transporter.
The caustic shrike simulacrum claws you!
The caustic shrike simulacrum freezes you!!
The anaconda simulacrum grabs you.
The anaconda simulacrum bites you but does no damage.
The anaconda simulacrum constricts you.
The harpy simulacrum claws you but does no damage.
The harpy simulacrum closely misses you.
The caustic shrike simulacrum claws you but does no damage.
The anaconda simulacrum bites you but does no damage.
The anaconda simulacrum constricts you.
The white very ugly thing tail-slaps you!
The white very ugly thing freezes you!!
You slice the anaconda simulacrum!!
The anaconda simulacrum is heavily damaged.
You chop the harpy simulacrum into pieces!!!
The harpy simulacrum vaporises!
Beogh accepts your kill.
You slice the caustic shrike simulacrum!!
You hit the white very ugly thing but do no damage.
The caustic shrike simulacrum claws you.
The caustic shrike simulacrum freezes you!!!
* * * LOW HITPOINT WARNING * * *
The anaconda simulacrum bites you but does no damage.
The anaconda simulacrum constricts you.
Your +4 battleaxe of flaming bursts into flame!
b - a +4 battleaxe of flaming (weapon)
The harpy simulacrum barely misses you. The harpy simulacrum misses you.
The caustic shrike simulacrum claws you.
* * * LOW HITPOINT WARNING * * *
The caustic shrike simulacrum freezes you!!
You die...

####
###...####
##........##
#..........##
#...........##
#.!..8.Z.....#
#8.$...ZZ....#
#©©().u@...∩∩#
#8.)....Z....#
#.$..8ZZ.....#
#.....Z.....##
#..........##
##........##
###...####
####


You could see a white very ugly thing, 2 anaconda simulacra, an alligator
simulacrum, a dire elephant simulacrum, a golden dragon simulacrum, a harpy
simulacrum and a caustic shrike simulacrum.

Vanquished Creatures
  A tentacled starspawn (Abyss:2)
  A minotaur (Gauntlet)
  A fire dragon (Lair:1)
  4 vault guards (D:14)
  Erolcha (Orc:2)
  2 hydras
  4 ogre magi (Orc:2)
  A death knight (D:14)
  2 centaur warriors
  A merfolk avatar (Lair:5)
  5 two-headed ogres
  A boulder beetle (D:13)
  A death yak (Lair:4)
  5 thrashing horrors (Abyss:2)
  A wretched star (Abyss:2)
  5 skeletal warriors (D:14)
  A sixfirhy (Gauntlet)
  A sea snake (Lair:5)
  A slime creature (D:12)
  7 wizards (D:13)
  Pikel (D:6)
  5 cyclopes
  5 ugly things
  A manticore (D:11)
  2 worldbinders (Abyss:2)
  4 elephants
  3 large abominations (Abyss:2)
  5 centaur zombies (D:10)
  4 black mambas
  A demonic crawler (Abyss:2)
  2 rust devils (Abyss:2)
  2 gargoyles
  2 cane toads
  An unseen horror (D:12)
  A freezing wraith (D:14)
  5 komodo dragons
  2 rime drakes (Lair:5)
  An ancient zyme (Abyss:2)
  5 starcursed masses (Abyss:2)
  2 meliai (D:14)
  A polar bear (Lair:5)
  A wind drake (Lair:5)
  11 trolls
  A raiju (shapeshifter) (D:14)
  A blink frog (Lair:2)
  10 raiju
  Sigmund (D:2)
  2 wyverns (Lair:5)
  4 shadows (D:10)
  2 vampires
  26 yaks
  9 wraiths
  2 ynoxinuls (Abyss:2)
  A steam dragon (D:7)
  A human (shapeshifter) (D:13)
  3 wargs (Orc:1)
  A harpy simulacrum (IceCv)
  An acid dragon (D:12)
  2 nagas (Lair:3)
  2 water moccasins
  5 orc warriors
  A meliai simulacrum (D:14)
  A swamp drake (Lair:2)
  4 black bears
  A sky beast (D:6)
  5 ogres
  3 wolves (Lair:2)
  9 centaurs
  3 lemures (D:6)
  5 kobold brigands
  5 bullfrogs
  2 elf skeletons (D:4)
  4 scorpions
  2 gnoll sergeants (D:12)
  12 wights
  A small abomination (Abyss:2)
  8 killer bees
  A howler monkey (D:12)
  A crimson imp (Abyss:2)
  A human zombie (D:4)
  2 jellies (D:7)
  3 quasits (Abyss:2)
  6 orc priests
  2 hounds
  An iron imp (Abyss:2)
  3 iguanas
  2 human skeletons (D:4)
  Natasha (thrice) (D:2)
  7 orc wizards
  4 ogre zombies (D:10)
  Robin (D:4)
  22 gnolls
  10 adders
  A shadow imp (D:5)
  2 white imps
  3 ufetubi (Gauntlet)
  4 worms
  16 orcs
  3 bats
  11 endoplasms
  3 giant cockroaches
  21 hobgoblins
  5 jackals
  51 kobolds
  2 quokkas (D:2)
  5 ball pythons
  4 ball python skeletons (Ossuary)
  2 frilled lizards
  11 goblins
  A goblin zombie (D:10)
  A hobgoblin skeleton (Ossuary)
  3 hobgoblin zombies
  6 orc skeletons
  3 orc zombies (D:10)
  4 rats
484 creatures vanquished.

Vanquished Creatures (collateral kills)
  The ghost of Dmuffinman the Fencer, a journeyman MiBe of Trog (Orc:1)
  Snorg (Lair:3)
  5 hydras
  2 boulder beetles
  3 death yaks (Lair:4)
  A centaur warrior (D:13)
  2 thrashing horrors (Abyss:2)
  Nergalle (Orc:2)
  2 skysharks
  A sea snake (Lair:5)
  A skeletal warrior (D:14)
  An orb spider (Abyss:2)
  A lindwurm (Lair:3)
  A harpy (Lair:5)
  A wizard (D:13)
  2 orc sorcerers (Orc:2)
  An ugly thing (D:15)
  A cyclops (D:13)
  2 centaur zombies (D:10)
  5 elephants
  6 cane toads
  A gargoyle (D:13)
  2 komodo dragons
  An unseen horror (D:10)
  A kobold demonologist (D:12)
  2 rime drakes
  2 trolls
  A polar bear (shapeshifter) (D:15)
  A meliai (D:14)
  A wind drake (Lair:5)
  A hornet (Lair:5)
  A wind drake (shapeshifter) (D:14)
  3 polar bears (Lair:5)
  A raiju (Abyss:2)
  A raiju (shapeshifter) (Abyss:2)
  5 dream sheep (Lair:5)
  9 blink frogs
  A snapping turtle (Lair:5)
  2 wraiths (D:10)
  18 yaks
  3 basilisks
  2 wyverns
  3 steam dragons
  A naga (Lair:3)
  4 wargs
  An acid dragon (D:12)
  2 water moccasins
  8 orc warriors
  A black bear (D:10)
  6 centaurs
  2 ogres
  A phantom (D:10)
  A kobold brigand (D:9)
  2 small abominations (Abyss:2)
  2 bullfrogs
  A troll zombie (D:10)
  7 killer bees
  2 electric eels (Lair:1)
  An orc priest (D:8)
  3 iguanas
  6 orc wizards
  An ogre zombie (D:10)
  7 gnolls
  11 orcs
  3 goblins (Bailey)
  7 hobgoblins (Bailey)
  2 kobolds (D:9)
  4 goblin zombies (D:10)
  A hobgoblin zombie (D:10)
  An orc skeleton (D:10)
  4 orc zombies (D:10)
195 creatures vanquished.

Vanquished Creatures (others)
  An orc sorcerer (D:12)
  2 wizards (D:13)
  9 orc wizards
  A steam dragon (Lair:5)
  15 orc warriors
  Blork the orc (D:6)
  7 orc priests
  26 orcs
  A kobold (D:3)
  A goblin (D:3)
  40 fungi
  55 plants
  2 starspawn tentacles (Abyss:2)
  A withered plant (D:10)
162 creatures vanquished.

Grand Total: 841 creatures vanquished

Notes
Turn   | Place    | Note
-------+----------+-------------------------------------------
     0 | D:1      | raph the Hill Orc Fighter began the quest for the Orb.
     0 | D:1      | Reached XP level 1. HP: 19/19 MP: 1/1
   132 | D:1      | Reached skill level 3 in Axes
   201 | D:1      | Reached XP level 2. HP: 26/26 MP: 2/2
   293 | D:1      | Found a faded altar of an unknown god.
   313 | D:1      | Reached skill level 4 in Axes
   686 | D:1      | Reached XP level 3. HP: 26/31 MP: 3/3
   965 | D:2      | Reached skill level 5 in Axes
  1000 | D:2      | Reached XP level 4. HP: 37/39 MP: 4/4
  1088 | D:2      | Noticed Natasha
  1102 | D:2      | Killed Natasha
  1103 | D:2      | Reached skill level 6 in Axes
  1484 | D:2      | Reached XP level 5. HP: 38/45 MP: 5/5
  1575 | D:2      | Noticed Sigmund
  1640 | D:3      | Became a worshipper of Beogh the Brigand
  1820 | D:3      | Identified a scroll of acquirement
  1820 | D:3      | Acquired a manual of Axes
  1995 | D:3      | Found Untogu's Magic Scroll Boutique.
  2003 | D:3      | Bought a scroll of identify for 26 gold pieces
  2003 | D:3      | Bought a scroll of identify for 26 gold pieces
  2036 | D:3      | Found a hide-covered altar of Uskayaw.
  2108 | D:3      | Reached skill level 7 in Axes
  2635 | D:3      | Bought a scroll of identify for 26 gold pieces
  2635 | D:3      | Bought a scroll of identify for 26 gold pieces
  2664 | D:4      | Reached skill level 1 in Invocations
  2743 | D:4      | Reached XP level 6. HP: 52/52 MP: 6/6
  2778 | D:4      | Reached skill level 1 in Evocations
  2824 | D:4      | Found a sand-covered staircase.
  2829 | Ossuary  | Entered an ossuary
  2866 | Ossuary  | Reached skill level 1 in Throwing
  2867 | Ossuary  | Reached * piety under Beogh
  2898 | Ossuary  | Reached skill level 8 in Axes
  2898 | Ossuary  | Reached skill level 1 in Dodging
  2945 | Ossuary  | Noticed a flying skull
  2945 | Ossuary  | Noticed a wraith
  2954 | Ossuary  | Noticed a flying skull
  2992 | Ossuary  | Reached XP level 7. HP: 59/59 MP: 8/8
  3000 | Ossuary  | Noticed a flying skull
  3028 | Ossuary  | Noticed a flying skull
  3032 | Ossuary  | Noticed a wraith
  3040 | Ossuary  | Killed a wraith
  3136 | Ossuary  | Noticed a flying skull
  3137 | Ossuary  | Noticed a wraith
  3151 | Ossuary  | Killed a wraith
  3152 | Ossuary  | Reached skill level 9 in Axes
  3343 | D:4      | Reached XP level 8. HP: 67/67 MP: 10/10
  3508 | D:4      | Noticed Robin
  3518 | D:4      | Killed Robin
  3543 | D:4      | Found a bloodstained altar of Trog.
  3644 | D:4      | Reached ** piety under Beogh
  3645 | D:4      | Reached skill level 10 in Axes
  3796 | D:4      | Found a stormy altar of Qazlal.
  3796 | D:4      | Found a glowing golden altar of the Shining One.
  4010 | D:5      | Entered Level 5 of the Dungeon
  4090 | D:5      | Found an iron altar of Okawaru.
  4321 | D:5      | Found a staircase to the Ecumenical Temple.
  5234 | D:5      | Reached skill level 5 in Fighting
  5381 | D:5      | Reached *** piety under Beogh
  5457 | D:5      | Reached skill level 11 in Axes
  5769 | D:5      | Reached skill level 5 in Armour
  5769 | D:5      | Reached XP level 9. HP: 73/74 MP: 12/12
  5855 | D:3      | Bought a scroll of enchant armour for 97 gold pieces
  5904 | D:2      | Noticed Natasha
  5971 | D:2      | Killed Sigmund
  6324 | D:2      | Killed Natasha
  6406 | D:2      | Noticed Natasha
  6412 | D:2      | Killed Natasha
  6615 | D:6      | Reached skill level 12 in Axes
  6794 | D:6      | Noticed Blork the orc
  7225 | D:6      | Noticed Pikel
  7235 | D:6      | Your ally Blork the orc died
  7242 | D:6      | Killed Pikel
  7243 | D:6      | Reached skill level 5 in Invocations
  7634 | D:7      | Reached skill level 13 in Axes
  8006 | D:7      | Found a shimmering altar of Xom.
  8655 | D:7      | Reached XP level 10. HP: 84/84 MP: 14/14
  9186 | D:8      | Reached skill level 14 in Axes
  9193 | D:8      | Reached **** piety under Beogh
  9478 | D:8      | Identified the +1 pair of boots "Zoacliasy" {Fly rF+ rN+
                  | Dex-5}
  9585 | D:8      | Found a large runed translucent door.
  9586 | D:8      | Found a large runed translucent door.
 10127 | D:8      | Found a blossoming altar of Fedhas.
 10250 | D:8      | Found a basalt altar of Yredelemnul.
 10578 | D:9      | Reached skill level 5 in Evocations
 10646 | D:9      | Found a snail-covered altar of Cheibriados.
 10659 | D:9      | Reached skill level 15 in Axes
 10735 | D:9      | Found a flagged portal.
 10745 | Bailey   | Entered a bailey
 10907 | Bailey   | Gained Nordag as an ally
 11275 | Bailey   | Noticed an orc warlord
 11286 | Bailey   | Reached ***** piety under Beogh
 11469 | Bailey   | Identified the +0 triple crossbow "Ulupicw" {heavy, rCorr
                  | Dex+3}
 11496 | Bailey   | Noticed an orc knight
 11507 | Bailey   | Your ally Nordag died
 11964 | D:9      | Reached skill level 17 in Axes
 11964 | D:9      | Reached skill level 5 in Throwing
 11964 | D:9      | Reached skill level 5 in Dodging
 11964 | D:9      | Reached XP level 11. HP: 94/94 MP: 15/17
 12047 | D:10     | Entered Level 10 of the Dungeon
 12055 | D:10     | Gained Jorge as an ally
 12062 | D:10     | Reached XP level 12. HP: 60/103 MP: 18/18
 12236 | D:10     | Noticed a two-headed ogre
 12245 | D:10     | Killed a two-headed ogre
 12285 | D:10     | Found a staircase to the Lair.
 12583 | D:10     | Found an opulent altar of Gozag.
 12679 | D:10     | Found a shadowy altar of Dithmenos.
 12867 | D:10     | Found a staircase to the Orcish Mines.
 12872 | D:10     | Gained Blodwig as an ally
 13333 | Lair:1   | Entered Level 1 of the Lair of Beasts
 13506 | Lair:1   | Gained Morun as an ally
 13971 | Lair:1   | Noticed a fire dragon
 13974 | Lair:1   | Your ally Blodwig died
 13975 | Lair:1   | Killed a fire dragon
 14505 | Lair:2   | Noticed a six-headed hydra
 14512 | Lair:2   | Identified the +2 pair of boots of Dishonesty {Dex+3}
 14515 | Lair:2   | Killed a six-headed hydra
 14585 | Lair:2   | Found a staircase to the Swamp.
 14591 | Lair:2   | Noticed an eight-headed hydra
 14608 | Lair:2   | Killed a ten-headed hydra
 14609 | Lair:2   | Reached skill level 10 in Invocations
 14609 | Lair:2   | Reached XP level 13. HP: 60/113 MP: 20/20
 14732 | Lair:2   | Found a gate leading to a gauntlet.
 14741 | Lair:2   | Reached skill level 10 in Fighting
 14755 | Gauntlet | Entered a Gauntlet
 14755 | Gauntlet | Found a transporter.
 14766 | Gauntlet | Found a transporter.
 14769 | Gauntlet | Found a transporter.
 14770 | Gauntlet | Found a transporter.
 14778 | Gauntlet | Found a transporter.
 14781 | Gauntlet | Found a transporter.
 14782 | Gauntlet | Found a transporter.
 14794 | Gauntlet | Found a transporter.
 14795 | Gauntlet | Found a transporter.
 14795 | Gauntlet | Found a transporter.
 14798 | Gauntlet | Noticed a minotaur
 14802 | Gauntlet | Found a runed translucent door.
 14804 | Gauntlet | Found a transporter.
 14807 | Gauntlet | Found a transporter.
 14808 | Gauntlet | Found a transporter.
 14814 | Gauntlet | Noticed a quicksilver ooze
 14830 | Gauntlet | Found a transporter.
 14856 | Gauntlet | Noticed a blizzard demon
 14922 | Gauntlet | Learned a level 2 spell: Passwall
 14930 | Gauntlet | Identified the +2 hand axe of Blood-Lust {freeze, rF+ rC+
                  | Str+2 Dex+2}
 15080 | Gauntlet | Killed a minotaur
 15093 | Gauntlet | Identified the +1 plate armour "Lenonwus" {Rampage rPois
                  | Str+2}
 15093 | Gauntlet | Identified the staff of death "Qogomoul" {rN+ Will+ Dex+4}
 15093 | Gauntlet | Identified the staff of earth "Ybia" {Str+3 Int-2 Dex+3
                  | Stlth+}
 15094 | Gauntlet | Got Fear's Book of Percussion and Correspondence
 15128 | Lair:2   | Reached ****** piety under Beogh
 16015 | Lair:3   | Found a staircase to the Snake Pit.
 16023 | Lair:3   | Gained Wargath as an ally
 16041 | Lair:3   | Noticed Snorg
 16048 | Lair:3   | Killed Snorg
 16999 | Lair:4   | Gained Arbolt as an ally
 17277 | Lair:4   | Found a staircase to the Slime Pits.
 17282 | Lair:4   | Found a viscous altar of Jiyva.
 17316 | Lair:4   | Reached skill level 5 in Shields
 17738 | Lair:5   | Entered Level 5 of the Lair of Beasts
 17957 | Lair:5   | Reached XP level 14. HP: 97/122 MP: 22/22
 19107 | Orc:1    | Entered Level 1 of the Orcish Mines
 19156 | Orc:1    | Found a roughly hewn altar of Beogh.
 19517 | Orc:2    | Entered Level 2 of the Orcish Mines
 19517 | Orc:2    | Found a staircase to the Elven Halls.
 19528 | Orc:2    | Reached skill level 10 in Shields
 19819 | Orc:2    | Found a roughly hewn altar of Beogh.
 19899 | Orc:2    | Found Fanuoc's Antique Weapon Shop.
 19944 | Orc:2    | Found an ancient bone altar of Kikubaaqudgha.
 19944 | Orc:2    | Noticed Nergalle
 19953 | Orc:2    | Paralysed by an orc sorcerer for 5 turns
 19957 | Orc:2    | Killed Nergalle
 19959 | Orc:2    | Found Jychel's Magic Scroll Boutique.
 20008 | Orc:2    | Found a radiant altar of Vehumet.
 20014 | Orc:2    | Noticed Erolcha
 20016 | Orc:2    | Killed Erolcha
 20067 | Orc:2    | Found a roughly hewn altar of Beogh.
 20067 | Orc:2    | Found Nayle's Book Boutique.
 20067 | Orc:2    | Found Behah's Jewellery Shop.
 20207 | Orc:2    | Bought a scroll of fear for 56 gold pieces
 20207 | Orc:2    | Bought a scroll of torment for 133 gold pieces
 20690 | Orc:1    | Noticed Dmuffinman's ghost (journeyman MiBe)
 20690 | Orc:1    | Found a transporter.
 20690 | Orc:1    | Found a transporter.
 20793 | Orc:1    | Identified the ring of Koydotuf {+Blink Int+6}
 20849 | Orc:1    | Gained Orkwin as an ally
 20852 | Orc:1    | Your ally Orkwin died
 21162 | Orc:1    | Killed Dmuffinman's ghost
 21531 | Orc:2    | Bought the ring "Fasin" {rPois Dex+6} for 519 gold pieces
 22962 | D:12     | Gained Morguth as an ally
 23126 | D:12     | Your ally Morguth died
 23173 | D:12     | Found a shadowy altar of Dithmenos.
 23913 | D:13     | Gained Ugrim as an ally
 24216 | D:13     | Acquired the +7 executioner's axe "Jellybane" {speed, rPois
                  | Str+3 Dex+4}
 24349 | D:13     | Reached skill level 18 in Axes
 24684 | D:13     | Found the +3 warlock's mirror {omnireflect}
 24685 | D:13     | Reached XP level 15. HP: 123/128 MP: 23/23
 24689 | D:13     | Reached skill level 19 in Axes
 24770 | Abyss:2  | Cast into level 2 of the Abyss (a wizard)
 24774 | Abyss:2  | Found a corrupted altar of Lugonu.
 24906 | Abyss:2  | Noticed a tentacled starspawn
 25089 | Abyss:2  | Reached skill level 20 in Axes
 25146 | Abyss:2  | Noticed a tentacled starspawn
 25157 | Abyss:2  | Killed a tentacled starspawn
 25291 | D:13     | Escaped the Abyss
 25701 | D:14     | Found a gate to the Vaults.
 25708 | D:14     | Reached skill level 21 in Axes
 26231 | D:14     | Reached skill level 22 in Axes
 26815 | D:15     | Entered Level 15 of the Dungeon
 26898 | D:15     | Found a frozen archway.
 26907 | IceCv    | Entered an ice cave
 26909 | IceCv    | Found a transporter.
 26911 | IceCv    | Demolished by a caustic shrike simulacrum

Illustrated notes

Levels and vault maps discovered:
D:1:      dpeg_arrival_oval, layout_loops_ring,
          shapermc_ecumenical_altar_mp_ritualfount, nicolae_wormholes
D:2:      layout_basic, minmay_misc_feat_room, uniq_sigmund, uniq_natasha
D:3:      layout_basic, nicolae_uskayaw_suspiria, serial_shops,
          nicolae_shop_waterfront
D:4:      layout_rooms, lemuel_tele_altar, gammafunk_temple_overflow_pools,
          nicolae_ossuary_entry_catacombs, chequers_jeans, uniq_robin
D:5:      minmay_goblin_kobold_castle, layout_gridville, marbit_many_paths,
          minmay_temple_entry_slanted
D:6:      layout_rooms, uniq_blork_the_orc, uniq_pikel
D:7:      layout_gridville, mainiacjoe_overflow_24_doors
D:8:      layout_loops_ring, jmf_multi_god_temple2
D:9:      layout_roguey, mainiacjoe_overflow_concentric_impassable,
          enter_bailey_2
D:10:     layout_loops_ring, mainiacjoe_overflow_surrounded_room,
          kennysheep_mini_moat, david_lair_generic, zombieorc1_lemuel,
          serial_undead, serial_undead_b, serial_undead_b, serial_undead_d,
          serial_undead_f
D:11:     layout_loops_corners
D:12:     layout_gridville, minmay_holes, nicolae_dithmenos_shadow_blocks
D:13:     minmay_smoke_and_mirrors, layout_rooms
D:14:     layout_basic, lightli_vaults_fourway_checkpoint, grunt_ministairs_8
D:15:     grunt_enter_depths_hoard, layout_basic,
          portal_ice_cave_entry_pillars_1,
          hangedman_abyss_or_decor_jellyfish_corner, onia_ninara_cookie
Lair:1:   dragon1_lemuel, layout_cave_pods, grunt_megastairs_3,
          lemuel_fruit_fields, serial_bayou_shore_b, serial_bayou_shore_a,
          infiniplex_staircase_pool
Lair:2:   layout_loops_ring, minmay_swamp_entry_reptiles,
          gauntlet_entry_generic, serial_bayou_pond_a, grunt_megastairs_4
Lair:3:   layout_misc_corridors, minmay_snake_entry_guardpost_small,
          st_stairs_6, lemuel_fruit_fields, uniq_snorg
Lair:4:   layout_long_grid, slime_entry_1
Lair:5:   gammafunk_lair_ancient_temple, layout_cave_pods
Orc:1:    layout_caves, gammafunk_ghost_arena, minmay_orc_temple_a
Orc:2:    kennysheep_orc_mage_school, layout_caves, basic_altar, special_room
IceCv:    ice_cave_statue_garden_transporter

Skill      XL: |  1  2  3  4  5  6  7  8  9 10 11 12 13 14 15 |
---------------+----------------------------------------------+-----
Axes           | 3 4 5 6 7 8 9 11 13 17 18 22 | 22.3
Invocations    | 1 2 3 4 5 8 10 11 | 11.1
Evocations     | 1 2 3 4 6 7 8 |  8.4
Throwing       | 1 2 3 5 6 7 |  7.7
Fighting       | 4 5 6 8 9 10 | 10.7
Dodging        | 1 2 3 5 6 7 |  7.0
Armour         | 4 5 6 7 9 |  9.9
Shields        | 7 13 | 13.3

Action                     |  1- 3 |  4- 6 |  7- 9 | 10-12 | 13-15 || total
---------------------------+-------+-------+-------+-------+-------++-------
  Melee: War axe           |    77 |   164 |   325 |   383 |   534 ||  1483
         Morningstar       |       |       |       |     6 |     6 ||    12
         Executioner's axe |       |       |       |       |   237 ||   237
  Throw: Boomerang         |       |       |    34 |       |     4 ||    38
         Dart              |       |       |     4 |       |       ||     4
 Invoke: Convert to Beogh  |       |     1 |       |       |       ||     1
         Recall Orcish Fol |       |       |       |     1 |     4 ||     5
         Give Item to Name |       |       |       |     1 |     3 ||     4
         Stop Recall       |       |       |       |     1 |     2 ||     3
         Smiting           |       |       |       |     1 |       ||     1
  Evoke: Wand              |       |       |       |     6 |       ||     6
    Use: Scroll            |       |    19 |     7 |     5 |     4 ||    35
         Potion            |       |       |     1 |     3 |     3 ||     7
   Stab: Distracted        |       |       |       |     1 |    14 ||    15
         Confused          |       |       |       |       |     6 ||     6
         Invisible         |       |       |       |       |     2 ||     2
         Paralysed         |       |       |       |       |     2 ||     2
 Armour: Scale mail        |    43 |       |       |       |       ||    43
         Chain mail        |       |    86 |   158 |    33 |       ||   277
         Plate armour      |       |       |       |   223 |   344 ||   567
  Dodge: Dodged            |    39 |    57 |   105 |   175 |   260 ||   636
  Block: Buckler           |    14 |    35 |    60 |    83 |    29 ||   221
         Tower shield      |       |       |       |       |   269 ||   269
         Kite shield       |       |       |       |       |    30 ||    30
